Map: Port Aleksander LE

Players

HawK

  • Race: Terran Terran
  • League: Platinum
  • Spawn Location: 5:00

GreenEight - Winner!

  • Race: Zerg Zerg
  • League: Diamond
  • Spawn Location: 11:00

VOD

Have the link to the VOD?

Description

Time

  • Played on: Jan. 15, 2019, 5:27 a.m.
  • Length: 20:19
Show
View Real Time Build Order
Export as new Build Order

HawK Terran 

Build Orders:  

Get SALT Encoding   

  12  0:01  SCV  
  13  0:13  SCV  
  14  0:19  Supply Depot  
  14  0:25  SCV  
  15  0:41  SCV  
  16  0:44  Barracks  
  16  0:53  SCV  
  17  1:05  SCV  
  18  1:21  Command Center  
  18  1:26  Refinery  
  18  1:28  Refinery  
  18  1:33  Marine  
  19  1:40  Supply Depot  
  19  1:50  Marine  
  20  1:58  SCV  
  21  2:14  SCV  
  22  2:26  Refinery  
  22  2:36  Barracks Reactor  
  22  2:37  SCV x2  
  22  2:38  Refinery  
  24  2:45  Factory  
  24  2:53  Barracks  
  24  3:01  SCV  
  24  3:03  SCV  
  26  3:13  Marine x2  
  28  3:25  Bunker  
  28  3:33  SCV x2  
  30  3:47  SCV  
  30  3:48  SCV  
  32  3:50  Barracks Reactor  
  32  3:53  Factory Tech Lab  
  32  3:58  Barracks  
  32  4:14  Supply Depot  
  32  4:22  Orbital Command x2  
  32  4:31  Engineering Bay  
  32  4:48  SCV x2  
  34  5:00  Barracks  
  34  5:02  Siege Tank  
  34  5:04  Barracks Tech Lab x2  
  34  5:05  Marine  
  34  5:06  Marine  
  39  5:12  SCV x2  
  41  5:20  Terran Infantry Armor Level 1  
  41  5:30  SCV x2  
  41  5:33  Combat Shield  
  41  5:34  Stimpack  
  43  5:36  Marine x2  
  43  5:39  Siege Tank  
  48  5:51  SCV x2  
  48  5:54  Marine x2  
  52  6:02  Marine x2  
  54  6:07  Supply Depot  
  54  6:09  Supply Depot  
  54  6:27  Supply Depot  
  54  6:28  Marine x5, Supply Depot  
  54  6:29  SCV x2  
  61  6:38  Command Center  
  61  6:43  Marine  
  61  6:46  Marine x3, Starport  
  65  6:48  Starport x2  
  65  6:49  Marine x2  
  65  6:51  Concussive Shells  
  67  6:56  Widow Mine  
  67  7:01  Marine  
  70  7:02  SCV x2  
  70  7:04  Marine x2  
  74  7:11  Missile Turret  
  74  7:12  Missile Turret  
  74  7:20  Siege Tank  
  74  7:21  Marine  
  78  7:26  Starport Tech Lab  
  78  7:27  Starport Tech Lab x2  
  78  7:29  SCV x2  
  80  7:41  SCV  
  81  7:58  Banshee x3  
  84  8:00  Cloaking Field  
  90  8:06  Terran Infantry Weapons Level 1  
  90  8:07  Marine  
  90  8:08  Marine x5, Missile Turret  
  96  8:25  Marine  
  96  8:26  Marine x3  
  99  8:43  Supply Depot x2  
  99  8:46  Supply Depot  
  99  8:48  Marine x2  
  101  8:58  Marine x4, Siege Tank, Banshee x3  
  117  9:05  Hyperflight Rotors  
  117  9:13  Missile Turret  
  117  9:15  SCV x2  
  120  9:19  Marine x3  
  120  9:20  Marine  
  124  9:24  Planetary Fortress  
  124  9:27  SCV  
  124  9:28  Missile Turret  
  124  9:34  Sensor Tower  
  124  9:38  Barracks  
  124  9:43  Marine x2  
  124  9:44  Marine  
  127  9:51  Marine  
  127  9:52  Marine x2  
  130  9:57  Banshee x2  
  136  10:01  Marine  
  136  10:03  Viking  
  139  10:12  Marine  
  139  10:13  Marine  
  141  10:20  Marine x4  
  145  10:30  Marine  
  145  10:31  Marine  
  147  10:38  Marine x4  
  151  10:49  Marine x2  
  152  10:56  Marine x4  
  157  11:28  Supply Depot x2  
  157  11:30  Supply Depot  
  157  11:31  Marine x4  
  157  11:32  Supply Depot  
  159  11:46  Liberator x2  
  159  11:47  Liberator  
  159  12:00  Marine  
  159  12:01  Marine x5  
  163  12:06  SCV x3  
  177  12:18  Marine x3, SCV  
  177  12:19  Marine x3  
  184  12:29  Liberator  
  184  12:36  Marine x4  
  188  12:45  Widow Mine  
  178  13:07  Widow Mine  
  177  13:28  Widow Mine  
  176  13:50  Widow Mine  
  133  14:09  Viking x3, SCV x2  
  133  14:10  SCV  
  134  14:21  SCV  
  113  14:39  Viking  
  115  14:48  Command Center  
  115  14:56  Marine x2  
  115  14:57  Marine x5  
  107  15:14  Marine x3  
  107  15:15  Marine x4  
  99  15:22  Medivac  
  99  15:23  Medivac x2  
  99  15:26  Widow Mine  
  107  15:32  Marine  
  108  15:37  Marine  
  108  15:38  Marine x4  
  113  15:45  Command Center  
  113  15:46  Command Center  
  113  15:52  Medivac  
  111  16:23  Marine  
  111  16:24  Marine  
  112  16:33  Marine  
  76  16:56  Marine x7  
  83  17:10  Orbital Command  
  83  17:13  Marine  
  83  17:14  Marine x6  
  90  17:31  Marine  
  90  17:32  Marine x6  
  90  17:34  Widow Mine  
  99  17:42  Refinery  
  99  17:43  Refinery  
  99  17:49  Marine x2  
  99  17:50  Marine  
  101  17:52  Ghost Academy  
  101  17:55  Armory  
  101  18:10  Siege Tank  
  104  18:33  Ghost  
  106  18:39  Personal Cloaking  
  106  18:42  Siege Tank  
  94  19:13  Marine x6  
  72  19:21  Marine  
Show
View Real Time Build Order
Export as new Build Order

GreenEight Zerg - Winner!

Build Orders: Hatch First, Brood Lord Corruptor 

Get SALT Encoding   

  12  0:01  Drone  
  13  0:12  Overlord  
  13  0:18  Drone  
  14  0:31  Drone x2  
  16  0:41  Drone  
  17  0:54  Hatchery  
  16  0:57  Drone  
  17  1:12  Spawning Pool  
  17  1:14  Drone  
  17  1:17  Extractor  
  16  1:26  Drone  
  16  1:27  Drone  
  16  1:31  Drone  
  19  1:41  Drone  
  20  1:50  Overlord  
  20  1:59  Queen  
  22  2:06  Queen  
  24  2:10  Drone x2  
  24  2:13  Drone  
  27  2:17  Drone  
  28  2:24  Zergling x2  
  28  2:26  Metabolic Boost  
  28  2:28  Drone  
  30  2:35  Zergling x2  
  31  2:39  Drone  
  32  2:45  Drone  
  33  2:54  Queen  
  33  2:57  Hatchery  
  34  3:00  Drone x2  
  34  3:05  Overlord  
  36  3:17  Lair  
  36  3:21  Evolution Chamber  
  36  3:22  Drone  
  35  3:30  Drone x4  
  39  3:43  Overlord x2  
  39  3:44  Drone  
  39  3:45  Drone x3  
  39  3:46  Drone  
  44  3:58  Zerg Ground Armor Level 1  
  44  4:01  Queen  
  46  4:04  Drone  
  46  4:05  Drone x2  
  49  4:10  Extractor  
  49  4:15  Drone  
  49  4:16  Drone x4  
  53  4:25  Queen, Drone  
  53  4:26  Drone x2  
  53  4:31  Extractor  
  57  4:32  Extractor  
  57  4:34  Drone x2  
  57  4:37  Overlord x3  
  58  5:02  Overlord x2  
  58  5:07  Roach Warren  
  57  5:15  Drone x4  
  57  5:18  Drone  
  62  5:25  Overseer  
  62  5:46  Glial Reconstitution  
  62  5:51  Zerg Ground Armor Level 2  
  62  5:53  Overlord x3  
  62  6:07  Hatchery  
  61  6:18  Roach x10, Hatchery  
  74  6:19  Roach x9  
  98  6:31  Zergling x4  
  98  6:32  Zergling x2  
  101  6:58  Overlord x3  
  101  7:00  Roach x9  
  119  7:24  Hydralisk Den  
  119  7:27  Infestation Pit  
  119  7:28  Drone  
  119  7:29  Drone x11, Extractor  
  128  7:31  Extractor  
  127  7:39  Overlord x2  
  127  7:48  Overlord x3  
  127  8:05  Hive  
  127  8:08  Zerg Missile Weapons Level 1  
  127  8:10  Spire  
  126  8:18  Drone x4  
  126  8:19  Drone x3  
  130  8:35  Hydralisk x2  
  130  8:36  Hydralisk x15  
  164  9:17  Extractor  
  164  9:18  Drone  
  164  9:19  Drone x2  
  164  9:20  Overlord  
  164  9:21  Overlord, Drone  
  164  9:22  Drone x2  
  169  9:25  Mutalisk x7, Hatchery  
  169  9:26  Mutalisk  
  184  9:31  Roach x2  
  184  9:32  Roach x2  
  184  9:34  Overlord x2  
  192  9:41  Greater Spire  
  192  9:51  Extractor  
  191  9:53  Drone x2  
  187  10:43  Overseer  
  187  10:44  Overseer x3  
  185  10:50  Overseer  
  185  10:53  Overseer  
  185  10:56  Spore Crawler  
  184  10:58  Spore Crawler  
  184  10:59  Spore Crawler  
  184  11:02  Spore Crawler  
  180  11:06  Spore Crawler  
  180  11:07  Spore Crawler  
  180  11:09  Spore Crawler  
  180  11:10  Spore Crawler  
  176  11:13  Spore Crawler  
  176  11:16  Corruptor x6  
  176  11:17  Corruptor x4  
  191  12:32  Brood Lord x3  
  191  12:33  Brood Lord  
  185  13:06  Brood Lord x3  
  185  13:07  Brood Lord x3  
  148  14:11  Hatchery  
  148  14:13  Hydralisk x11  
  148  14:14  Hydralisk x14  
  190  14:41  Hatchery  
  189  14:46  Overlord x3  
  189  14:47  Overlord  
  166  15:20  Hydralisk  
  166  15:21  Hydralisk x18  
  200  15:44  Hatchery  
  199  15:54  Hatchery  
  199  15:55  Hatchery  
  193  16:28  Muscular Augments  
  193  16:34  Zerg Ground Armor Level 3  
  161  17:01  Hydralisk  
  161  17:02  Viper, Hydralisk x8  
  161  17:04  Roach x9  
  200  17:40  Grooved Spines  
Tags
 
Add a new tag
Caveats
  • Supply blocks, unpowered buildings, or Contaminate may cause inaccurate times.
  • Supply counts are checked every 10 seconds.